 Dungeon Crawl Stone Soup version 0.16-a0-1196-ged0958e (webtiles) character file.

801 RobertPalmer the Nimble (level 7, -4/46 HPs)
             Began as an Octopode Monk on Oct 11, 2014.
             Splashed by a jelly's acid (14 damage)
             ... on level 6 of the Dungeon.
             The game lasted 00:08:19 (4070 turns).

RobertPalmer the Nimble (Octopode Monk)             Turns: 4070, Time: 00:08:19

Health: -4/46      AC:  1    Str: 10      XL:     7   Next: 90%
Magic:  7/7        EV: 17    Int: 16      God:
Gold:   303        SH:  0    Dex: 14 (15) Spells: 0 memorised, 6 levels left

rFire  + . .     SeeInvis .     a - +1 short sword (venom)
rCold  . . .     Clarity  .     (no shield)
rNeg   . . .     SustAb   .     (helmet restricted)
rPois  .         Gourm    .     f - amulet of regeneration
rElec  .         Spirit   .     v - ring of protection from fire
rCorr  .         Warding  .     C - +2 ring of intelligence
rMut   .         Stasis   .     (no ring)
MR     .....                    (no ring)
Stlth  +++.......               (no ring)
                                (no ring)
                                (no ring)
                                (no ring)

@: not resistant to hostile enchantments, fairly stealthy
A: almost no armour, amphibious, 8 rings, constrict 8, camouflage 1, gelatinous
body 1
a: no special abilities


You were on level 6 of the Dungeon.
You were hungry.

You visited 1 branch of the dungeon, and saw 6 of its levels.
You also visited: Sewer.

You collected 303 gold pieces.


Innate Abilities, Weirdness & Mutations

You cannot wear most types of armour.
You are amphibious.
You can wear up to eight rings at the same time.
You can use your tentacles to constrict many enemies at once.
Your skin changes colour to match your surroundings (Stealth).
Your rubbery body absorbs attacks (AC +1).


   Skills:
 - Level 3.0 Fighting
 + Level 9.1 Dodging
 - Level 2.6 Stealth
 - Level 4.0 Unarmed Combat


You had 6 spell levels left.
You didn't know any spells.

Inventory:

Hand weapons
 a - a +1 short sword of venom (weapon)
 b - a +0 blowgun
 z - a +0 long sword
Missiles
 g - 22 poisoned needles
Magical devices
 c - a wand of paralysis (8)
 t - a wand of magic darts (22)
Comestibles
 e - 5 bread rations
 i - a slice of pizza
 j - a meat ration
 n - 6 fruits
 w - a royal jelly
 A - a beef jerky
Scrolls
 k - 2 scrolls of identify
 l - 3 scrolls of random uselessness {unknown}
 p - a scroll of remove curse {unknown}
 q - 2 scrolls of noise {unknown}
 s - 3 scrolls of recharging
 u - 2 scrolls of enchant armour {unknown}
 x - a scroll of enchant weapon {unknown}
 y - a scroll of blinking {unknown}
Jewellery
 f - an amulet of regeneration (around mantle)
 v - a ring of protection from fire (left tentacle)
 C - a +2 ring of intelligence (right tentacle)
Potions
 d - 2 potions of haste
 h - 4 potions of curing {unknown}
 m - a potion of poison {unknown}
 o - a potion of flight {unknown}
 r - a potion of agility {unknown}
 B - a potion of confusion {unknown}

Dungeon Overview and Level Annotations

Branches:
Dungeon (6/15)             Temple (0/1) D:4

Altars:
Elyvilon
Fedhas
Vehumet
Xom
Yredelemnul

Annotations:
D:2 Ijyb

#..##...........#.# #####.##.##.#
#...............#.#.##....##)##.#
#..##...........#.#.##.##.##.##.#
..............................>[#
................#.#.#...........#
.............##.#.#..............
.....P..............#.######.####
###.P####....##.#.###.######.####
### #....##.@J...............
#....##.#####.######.####
##....... #... ....... #...##.#
#######..#### #... ... ......# .
#.# ######.. #. ##. #. # .


You could see a jelly.


Message History

The jelly hits you but does no damage.
You hit the jelly.
The jelly is moderately wounded.
The jelly barely misses you. x2
You barely miss the jelly.
The jelly is moderately wounded.
The jelly hits you.
You are splashed with acid!
The acid burns!
You completely miss the jelly.
The jelly is moderately wounded.
The jelly hits you.
You are splashed with acid!
The acid burns!
* * * LOW HITPOINT WARNING * * *
You are too injured to fight recklessly!
You hit the jelly.
The jelly is severely wounded.
The jelly hits you but does no damage.
Drink which item? (? for menu, Esc to quit)
Okay, then.
You see here 11 stones.
You puncture the jelly!
The jelly is almost dead.
The jelly hits you.
* * * LOW HITPOINT WARNING * * *
You are splashed with acid!
The acid burns!
* * * LOW HITPOINT WARNING * * *
You hit the jelly but do no damage.
The jelly is almost dead.
The jelly hits you.
* * * LOW HITPOINT WARNING * * *
You are splashed with acid!
The acid burns!
You die...

Action                   |  1- 3 |  4- 6 |  7- 9 || total
-------------------------+-------+-------+-------++-------
Melee: Unarmed           |    72 |   121 |    39 ||   232
       Short sword       |       |       |    43 ||    43
 Fire: Blowgun           |       |     4 |       ||     4
  Use: Scroll            |     3 |     2 |     3 ||     8
       Potion            |       |     4 |     1 ||     5
 Stab: Sleeping          |     5 |     7 |     2 ||    14
  Eat: Chunk             |       |     5 |     4 ||     9
       Pizza             |       |     1 |       ||     1

Vault maps used:
D:1:      lemuel_arrival_hallway
D:2:      yredelemnul_altar_generic, lemuel_tele_altar, uniq_iyjb
D:3:      portal_sewer_entry_c, roderic_roman_lattice, corexii_hall_statues_u
D:4:      vehumet_altar_wand_db, xom_redecorated, minmay_temple_entry_nine_rooms
D:5:      overflow_temple_1_default, first_bread
D:6:      corexii_shantytown, trog_ov_bears_minmay,
          minmay_hollow_rounded_squares, uniq_natasha
Sewer:    sewer_big_baddie

Notes
Turn   | Place    | Note
--------------------------------------------------------------
     0 | D:1      | RobertPalmer, the Octopode Monk, began the quest for the Orb.
     0 | D:1      | Reached XP level 1. HP: 16/16 MP: 1/1
   138 | D:1      | Reached XP level 2. HP: 17/21 MP: 2/2
   487 | D:2      | Reached skill level 4 in Dodging
   487 | D:2      | Reached XP level 3. HP: 22/26 MP: 3/3
   691 | D:2      | Found a basalt altar of Yredelemnul.
   779 | D:2      | Noticed Ijyb
   871 | D:3      | Reached skill level 5 in Dodging
   871 | D:3      | Reached XP level 4. HP: 20/31 MP: 4/4
  1061 | D:3      | Found a glowing drain.
  1075 | D:3      | Reached XP level 5. HP: 12/36 MP: 5/5
  1125 | Sewer    | Entered a sewer
  1333 | Sewer    | Noticed Purgy
  1345 | Sewer    | Killed Purgy
  1345 | Sewer    | Reached skill level 6 in Dodging
  1412 | D:3      | Reached XP level 6. HP: 19/42 MP: 6/6
  2215 | D:2      | Found a blossoming altar of Fedhas.
  2567 | D:4      | Found a radiant altar of Vehumet.
  2728 | D:4      | Found a staircase to the Ecumenical Temple.
  2797 | D:4      | Found a shimmering altar of Xom.
  2797 | D:4      | Found a shimmering altar of Xom.
  3005 | D:5      | Entered Level 5 of the Dungeon
  3009 | D:5      | Found a white marble altar of Elyvilon.
  3015 | D:5      | Reached skill level 7 in Dodging
  3212 | D:5      | Reached XP level 7. HP: 46/46 MP: 7/7
  3540 | D:5      | Reached skill level 8 in Dodging
  3796 | D:6      | Reached skill level 9 in Dodging
  4070 | D:6      | Splashed by a jelly's acid

Vanquished Creatures
  Purgy (Sewer)
  An ice beast (D:5)
  A centaur (D:6)
  An ogre (D:5)
  A wight (D:6)
  A quasit (D:3)
  A crimson imp (D:5)
  An orc priest (D:5)
  A hound (D:5)
  An orc wizard (D:5)
  A black bear skeleton (D:6)
  A worker ant (D:4)
  A sky beast zombie (D:5)
  A green rat (D:3)
  A shadow imp (D:5)
  A giant mite (D:5)
  4 adders
  3 worms (D:3)
  A giant gecko (D:3)
  An ooze (D:1)
  5 orcs
  3 giant cockroaches
  11 hobgoblins
  7 jackals
  16 kobolds
  2 quokkas
  A ball python (D:3)
  11 bats
  6 goblins
  2 hobgoblin skeletons
  An orc skeleton (D:4)
  11 rats
  A rat skeleton (D:4)
102 creatures vanquished.
